 Dungeon Crawl Stone Soup version 0.24.0-2-g5b39cebb1c (webtiles) character file.

Game seed: 10399532114637125582, levelgen mode: deterministic

4577 xccam the Cleaver (level 10, -5/77 HPs)
             Began as a Formicid Fighter on Oct 31, 2019.
             Was a Follower of Okawaru.
             Slain by a wolf (8 damage)
             ... led by Grum
             ... on level 9 of the Dungeon.
             The game lasted 00:15:54 (8038 turns).

xccam the Cleaver (Formicid Fighter)                Turns: 8038, Time: 00:15:55

Health: -5/77      AC: 17    Str: 23    XL:     10   Next: 68%
Magic:  10/10      EV:  6    Int:  9    God:    Okawaru [*.....]
Gold:   376        SH: 11    Dex: 10    Spells: 9/9 levels left

rFire    . . .     SeeInvis +   a - +1 war axe
rCold    . . .     Gourm    .   c - +0 shield
rNeg     . . .     Faith    .   y - +0 plate armour
rPois    .         Spirit   .   (helmet unavailable)
rElec    .         Reflect  .   q - +1 cloak
rCorr    .         Harm     .   v - +0 pair of gloves
MR       +....                  (no boots)
Stlth    ..........             m - amulet of magic regeneration
HPRegen  0.22/turn              e - ring of flight
MPRegen  0.37/turn              k - ring of wizardry

@: no status effects
A: permanent stasis, dig shafts and tunnels, four strong arms, antennae 3
a: Dig, Shaft Self, Heroism, Renounce Religion, Evoke Flight


You were on level 9 of the Dungeon.
You worshipped Okawaru.
Okawaru was aware of your devotion.
You were hungry.

You visited 2 branches of the dungeon, and saw 11 of its levels.

You collected 376 gold pieces.

Inventory:

Hand Weapons
 a - a +1 war axe (weapon)
Armour
 c - a +0 shield (worn)
 q - a +1 cloak (worn)
 v - a +0 pair of gloves (worn)
 y - a +0 plate armour (worn)
Jewellery
 b - an uncursed ring of ice
 e - a ring of flight (left hand)
 k - a ring of wizardry (right hand)
 m - an amulet of magic regeneration (around neck)
Wands
 i - a wand of polymorph (13)
 n - a wand of disintegration (19)
Scrolls
 h - 7 scrolls of remove curse
 j - a scroll of magic mapping {unknown}
 l - 3 scrolls of enchant weapon
 o - a scroll of immolation {unknown}
 s - a scroll of silence {unknown}
 w - a scroll of vulnerability {unknown}
Potions
 d - 3 potions of flight
 g - 2 potions of agility
 p - a potion of mutation
 r - 2 potions of brilliance
 t - a potion of heal wounds {unknown}
 u - a potion of cancellation
 x - a potion of lignification {unknown}
 z - a potion of ambrosia
Comestibles
 f - 20 rations


   Skills:
 - Level 6.5 Fighting
 * Level 11.0 Axes
 + Level 7.6 Armour
 + Level 8.3 Shields


You had 9 spell levels left.
You didn't know any spells.
Your spell library contained the following spells:

 Spells                   Type           Power        Failure   Level  Hunger
 Flame Tongue             Conj/Fire      #....        92%         1    ##.....
 Cause Fear               Hex            #.........   100%        4    #####..
 Bolt of Fire             Conj/Fire      #.........   100%        6    #######
 Dragon Form              Tmut           #.........   100%        7    #######
 Dragon's Call            Summ           #.........   100%        9    #######


Dungeon Overview and Level Annotations

Branches:
Dungeon (10/15)            Temple (1/1) D:7
   Lair: D:8-11         Orc: D:9-12

Altars:
Ashenzari
Cheibriados
Dithmenos
Elyvilon
Fedhas
Gozag
Hepliaklqana
Kikubaaqudgha
Makhleb
Nemelex Xobeh
Okawaru
Qazlal
Ru
Sif Muna
Trog
Uskayaw
Vehumet
Wu Jian
Xom
Yredelemnul
Zin
The Shining One

Shops:
D:6 [

Annotations:
D:10 Grum


Innate Abilities, Weirdness & Mutations

You cannot be hasted, slowed, berserked, paralysed or teleported.
You can dig through walls and to a lower floor.
Your four strong arms can wield two-handed weapons with a shield.
You have a pair of large antennae on your head. (SInv)


Message History

The wolf is heavily wounded.
The wolf bites you but does no damage.
You closely miss the wolf.
The wolf is heavily wounded.
The wolf bites you.
* * * LOW HITPOINT WARNING * * *
The wolf bites you but does no damage.
You closely miss the wolf.
The wolf is heavily wounded.
You block the wolf's attack. x2
You hit the wolf but do no damage.
The wolf is heavily wounded.
The wolf bites you but does no damage.
You closely miss the wolf.
The wolf is heavily wounded.
You block the wolf's attack. The wolf bites you but does no damage.
You miss the wolf.
The wolf is heavily wounded.
The wolf bites you!
You die...

########.#### ###########
#..# ##.## #..# ###.####
#......#
#......################
#.....).<.<............
###....†@################
#......h.# ###.#......#
#.....###..# #.....# ####
####.....####
#...........#
##...........####
#......_........#


You could see a wolf.

Vanquished Creatures
  An unseen horror (D:9)
  The ghost of pantherbaby the Ducker, an amateur GnMo (D:4)
  A hippogriff (D:9)
  Edmund (D:4)
  An orc warrior (D:8)
  A sky beast (D:7)
  2 ice beasts
  2 necrophages
  A wolf (D:9)
  4 ogres
  4 centaurs
  A big kobold (D:8)
  4 bullfrogs
  7 scorpions
  4 killer bees (D:8)
  3 howler monkeys
  4 crimson imps
  5 jellies
  A quasit (D:9)
  3 hounds
  4 orc wizards
  2 bullfrog skeletons
  2 orc priests
  3 centaur skeletons
  Jessica (D:3)
  3 iguanas
  9 worker ants
  A hound zombie (D:9)
  A mummy (D:9)
  A howler monkey skeleton (D:4)
  7 adders
  5 shadow imps
  An ooze (D:1)
  2 adder zombies
  3 worms
  5 leopard geckos
  21 orcs
  2 ball pythons (D:1)
  5 bats
  7 giant cockroaches
  2 hobgoblins
  11 jackals
  14 kobolds
  3 quokkas
  4 frilled lizards
  11 goblins
  A quokka skeleton (D:6)
  5 rats
187 creatures vanquished.

Notes
Turn   | Place    | Note
-------+----------+-------------------------------------------
     0 | D:1      | xccam the Formicid Fighter began the quest for the Orb.
     0 | D:1      | Reached XP level 1. HP: 18/18 MP: 1/1
    25 | D:1      | Reached XP level 2. HP: 24/24 MP: 2/2
    97 | D:1      | Reached skill level 3 in Axes
   160 | D:1      | Reached XP level 3. HP: 26/29 MP: 3/3
   962 | D:2      | Reached skill level 4 in Axes
   962 | D:2      | Reached XP level 4. HP: 30/35 MP: 4/4
  1440 | D:3      | Found a glowing silver altar of Zin.
  1596 | D:3      | Noticed Jessica
  1600 | D:3      | Killed Jessica
  1600 | D:3      | Reached XP level 5. HP: 25/41 MP: 5/5
  1784 | D:4      | Reached skill level 5 in Axes
  1787 | D:4      | Found a runed translucent gate.
  1787 | D:4      | Found a runed translucent gate.
  1789 | D:4      | Found a runed translucent gate.
  1792 | D:4      | Noticed pantherbaby's ghost (amateur GnMo)
  1810 | D:4      | Found a shattered altar of Ashenzari.
  1830 | D:4      | Reached XP level 6. HP: 35/47 MP: 6/6
  1905 | D:4      | Noticed Edmund
  1924 | D:4      | Killed Edmund
  1924 | D:4      | Reached skill level 6 in Axes
  2220 | D:4      | Reached XP level 7. HP: 52/52 MP: 7/7
  2745 | D:5      | Entered Level 5 of the Dungeon
  2788 | D:5      | Reached skill level 7 in Axes
  2790 | D:5      | Found a shadowy altar of Dithmenos.
  3298 | D:5      | Reached XP level 8. HP: 18/60 MP: 8/8
  3979 | D:5      | Reached skill level 5 in Shields
  4190 | D:4      | Killed pantherbaby's ghost
  4190 | D:4      | Reached skill level 5 in Fighting
  4190 | D:4      | Reached skill level 8 in Axes
  4290 | D:6      | Reached skill level 5 in Armour
  4312 | D:6      | HP: 2/62 [ogre/+0 giant club (5)]
  4573 | D:4      | Reached XP level 9. HP: 56/67 MP: 9/9
  4702 | D:6      | Found Fob Seg's Armour Shoppe.
  4771 | D:6      | Found a blossoming altar of Fedhas.
  5009 | D:6      | You fall into a shaft and drop 3 floors!
  5111 | D:7      | Reached skill level 9 in Axes
  5210 | D:6      | Found a shadowy altar of Dithmenos.
  5846 | D:7      | Found a basalt altar of Yredelemnul.
  5900 | D:7      | Found a white marble altar of Elyvilon.
  6116 | D:7      | Found a staircase to the Ecumenical Temple.
  6125 | Temple   | Entered the Ecumenical Temple
  6268 | Temple   | Became a worshipper of Warmaster Okawaru
  6524 | D:8      | Reached XP level 10. HP: 67/75 MP: 10/10
  6661 | D:8      | Reached skill level 10 in Axes
  6730 | D:8      | Found an ornate altar of the Wu Jian Council.
  7403 | D:9      | Noticed an unseen horror
  7431 | D:9      | Killed an unseen horror
  7431 | D:9      | Reached * piety under Okawaru
  7496 | D:9      | Found a snail-covered altar of Cheibriados.
  8007 | D:10     | Entered Level 10 of the Dungeon
  8007 | D:10     | Noticed a gargoyle
  8011 | D:10     | Noticed Grum
  8025 | D:9      | Reached skill level 11 in Axes
  8034 | D:9      | HP: 2/77 [wolf[Grum] (5)]
  8038 | D:9      | Slain by a wolf

Levels and vault maps discovered:
D:1:      lightli_iron_boxes, layout_rooms
D:2:      layout_loops_corners, wad_floor_pattern_2
D:3:      layout_loops_ring, zin_scriptorium, hangedman_decor_riveting,
          dk_vineyard_3, uniq_jessica
D:4:      layout_basic, ebering_ghost_rock_garden, first_ration,
          cheibrodos_ashenzari_chains, uniq_edmund
D:5:      minmay_recursive_quarters, layout_loops_corners, marbit_many_paths
D:6:      layout_cave_pods, basic_altar, serial_shops, shop,
          grunt_dithmenos_smoke
D:7:      layout_rooms, kennysheep_ying_yang, lemuel_temple_firewalk_a,
          grunt_ogre_cave
D:8:      layout_basic, kennysheep_mini_moat
D:9:      layout_roguey, slow_altar_1
D:10:     layout_irregular_city, serial_shops, shop, minivault_15,
          uniq_gastronok, uniq_grum, uniq_nergalle
Temple:   regret_index_temple_sphere_string

Skill      XL: |  1  2  3  4  5  6  7  8  9 10 |
---------------+-------------------------------+-----
Axes           | 3 4 5 6 7 8 9 11 | 11.0
Shields        | 4 5 7 8 |  8.3
Fighting       | 4 5 6 |  6.5
Armour         | 4 5 6 7 |  7.6

Action                   |  1- 3 |  4- 6 |  7- 9 | 10-12 || total
-------------------------+-------+-------+-------+-------++-------
Melee: War axe           |   104 |    92 |   400 |   237 ||   833
Invok: Heroism           |       |       |       |     1 ||     1
  Use: Scroll            |       |     6 |     9 |     1 ||    16
       Potion            |       |     2 |     3 |     1 ||     6
  Eat: Chunk             |       |     5 |    10 |     5 ||    20
       Ration            |       |       |     1 |       ||     1
Armor: Scale mail        |    26 |       |       |       ||    26
       Chain mail        |    37 |    42 |   159 |     5 ||   243
       Plate armour      |       |       |       |   121 ||   121
Dodge: Dodged            |    21 |    24 |    96 |    65 ||   206
Block: Shield            |    55 |    51 |   204 |   132 ||   442
